 Dungeon Crawl Stone Soup version 0.31-a0-836-g3ceb0a68c4 (webtiles) character file.

Game seed: 2509262433307650647

1243 Hubris850 the Slicer (level 8, 0/39 HPs)
             Began as a Spriggan Brigand on Sept 26, 2023.
             Was an Initiate of Gozag.
             Killed from afar by a white imp (9 damage)
             ... with a puff of frost
             ... on level 6 of the Dungeon.
             The game lasted 00:18:25 (5401 turns).

Hubris850 the Slicer (Spriggan Brigand)             Turns: 5401, Time: 00:18:26

Health: 0/39       AC:  3    Str:  7    XL:     8   Next: 25%
Magic:  9/9        EV: 23    Int: 12    God:    Gozag
Gold:   603        SH:  0    Dex: 19    Spells: 7/7 levels left

rFire   . . .        l - +0 short sword of Agony {drain, Fly rPois Will+}
rCold   . . .        (no shield)
rNeg    . . .        b - +0 robe
rPois   +            (helmet restricted)
rElec   .            c - +0 cloak
rCorr   .            (gloves unavailable)
SInv    +            (boots unavailable)
Will    ++...        (no amulet)
Stlth   ++++         (no ring)
HPRegen 0.26/turn    (no ring)
MPRegen 0.11/turn

%: no passive effects
@: flying, studying Short Blades, very quick
A: very small, no large weapons, unfitting armour, see invisible, speed 3
a: Renounce Religion, Potion Petition, Call Merchant, Bribe Branch


You were on level 6 of the Dungeon.
You worshipped Gozag.
Gozag was pleased with you.
You visited 2 branches of the dungeon, and saw 7 of its levels.

You collected 701 gold pieces.
You paid 98 gold pieces to Gozag.

Inventory:

Hand Weapons
 a - a +2 dagger
 l - the +0 short sword of Agony (weapon) {drain, Fly rPois Will+}
   (You found it on level 5 of the Dungeon)

   rPois:     It protects you from poison Will+: It increases your willpower.
   Fly:       It grants you flight.
Missiles
 d - 6 poisoned darts (quivered)
 e - a curare-tipped dart
Armour
 b - a +0 robe (worn)
 c - a +0 cloak (worn)
Magical Staves
 o - a staff of earth
Talismans
 k - a flux talisman
Wands
 n - a wand of roots (9)
Scrolls
 g - 3 scrolls of teleportation
 m - 2 scrolls of blinking
 p - a scroll of poison
Potions
 f - a potion of invisibility
 h - a potion of might
 i - a potion of lignification
 j - 2 potions of curing
 q - a potion of haste
 r - a potion of heal wounds {unknown}
 s - a potion of magic {unknown}


   Skills:
 - Level 2.0 Fighting
 + Level 9.5 Short Blades
 - Level 3.0 Throwing
 - Level 8.0 Dodging
 - Level 8.0 Stealth


You had 7 spell levels left.
You didn't know any spells.
Your spell library contained the following spells:

 Spells                   Type           Power      Damage    Failure   Level
 Shock                    Conj/Air       0%         1d3       32%         1
 Swiftness                Air            0%         N/A       69%         3
 Airstrike                Air            0%         2d(0-16)  97%         4


Dungeon Overview and Level Annotations

Branches:
Dungeon (6/15)             Temple (1/1) D:4

Altars:
Ashenzari
Cheibriados
Dithmenos
Elyvilon
Fedhas
Gozag
Hepliaklqana
Kikubaaqudgha
Makhleb
Nemelex Xobeh
Okawaru
Ru
Sif Muna
Trog
Uskayaw
Vehumet
Wu Jian
Xom
Yredelemnul
Zin

Shops:
D:2 !   D:6 !

Annotations:
D:5 2 runed translucent doors, PailKail's ghost, novice TrSh


Innate Abilities, Weirdness & Mutations

You are very small and have problems with some larger weapons.
You are too small for most types of armour.
You have supernaturally acute eyesight. (SInv)
You cover ground extremely quickly. (Speed+++)


Message History

As you read the scroll labelled GYMPEGHIOCH, it crumbles to dust.
Your body is wracked with pain!
It was a scroll of torment.
You start resting.
You feel your willpower return.
HP restored.
A white imp comes into view.
The white imp shouts, "Quit, thou impertinent weather-bitten strumpet!"
There is an entrance to Loxeatru's Distillery here.
You see here a +0 short sword.
The white imp completely misses you.
You hit the white imp but do no damage. You closely miss the white imp.
The white imp misses you.
You closely miss the white imp. You hit the white imp but do no damage.
The white imp hits you. The white imp freezes you.
You hit the white imp but do no damage. Your punch misses the white imp.
You hit the white imp but do no damage. The white imp closely misses you.
You hit the white imp but do no damage. You hit the white imp but do no damage.
The white imp gestures at you. The puff of frost hits you!
You closely miss the white imp. You closely miss the white imp.
The white imp misses you.
You hit the white imp but do no damage. You closely miss the white imp.
The white imp hits you. The white imp freezes you.
You are too injured to fight recklessly!
You hit the white imp but do no damage. You hit the white imp but do no damage.
The white imp barely misses you.
You closely miss the white imp. The white imp hits you.
The white imp freezes you.
* * * LOW HITPOINT WARNING * * *
You hit the white imp.
The white imp is moderately wounded.
You barely miss the white imp.
The white imp is moderately wounded.
The white imp gestures at you. The puff of frost hits you!
You die...
Your body crumbles into a pile of gold.

...... .##...###.......#
...... ......##........#
...... ##..............
.....##..............
#..#.......#.......
##...#...#......#.###
#...5.#.#......##.#.##
#.@)∩............#.
#..#.#.............
#...#...#..[.........
..............#......#.
...###........##........
.. ..........#.......#.
. ..............#....##
.....#....#<.........
#... ##.......##


You could see a white imp.

Vanquished Creatures
  A water moccasin (D:4)
  An ice beast (D:5)
  2 black bears (D:4)
  The ghost of javelincjr the Changeling, an amateur DsSh (D:3)
  A bullfrog (D:4)
  A scorpion (D:4)
  A wight (D:4)
  A human zombie (D:4)
  A jelly (D:5)
  2 hounds (D:5)
  Jessica (D:2)
  An orc wizard (D:3)
  An iguana (D:4)
  A scorpion zombie (D:4)
  Terence (D:2)
  4 hound zombies (D:4)
  A mummy (D:4)
  A howler monkey zombie (D:4)
  5 gnolls (D:4)
  13 adders
  3 adder zombies (D:4)
  2 worms
  4 dart slugs
  11 orcs
  7 ball pythons
  6 bats
  5 endoplasms
  5 giant cockroaches
  7 goblins
  6 hobgoblins
  3 jackals (D:5)
  7 kobolds
  3 quokkas
  4 frilled lizards
  5 rats
119 creatures vanquished.

Notes
Turn   | Place    | Note
-------+----------+-------------------------------------------
     0 | D:1      | Hubris850 the Spriggan Brigand began the quest for the Orb.
     0 | D:1      | Reached XP level 1. HP: 10/10 MP: 2/2
   287 | D:1      | Reached XP level 2. HP: 14/15 MP: 3/3
   334 | D:1      | You fall into a shaft and drop 1 floor!
   365 | D:2      | Found Kekhedoc's Distillery.
  1041 | D:2      | Reached XP level 3. HP: 8/18 MP: 4/4
  1131 | D:2      | Noticed Jessica
  1134 | D:2      | Noticed Terence
  1143 | D:2      | Killed Jessica
  1163 | D:2      | Killed Terence
  1164 | D:2      | Reached XP level 4. HP: 17/23 MP: 5/5
  1206 | D:2      | Reached skill level 3 in Short Blades
  1566 | D:3      | Found a blossoming altar of Fedhas.
  1931 | D:3      | Reached XP level 5. HP: 26/26 MP: 6/6
  1968 | D:3      | Found a large runed translucent door.
  1970 | D:3      | Found a large runed translucent door.
  1972 | D:3      | Noticed javelincjr's ghost (amateur DsSh)
  2660 | D:4      | Reached XP level 6. HP: 16/30 MP: 7/7
  2792 | D:4      | Reached skill level 4 in Short Blades
  2810 | D:4      | Found a staircase to the Ecumenical Temple.
  2832 | Temple   | Entered the Ecumenical Temple
  2842 | Temple   | Became a worshipper of Gozag Ym Sagoz the Greedy
  2911 | D:4      | Noticed a water moccasin
  3070 | D:4      | Reached skill level 5 in Dodging
  3161 | D:4      | Reached skill level 5 in Short Blades
  3161 | D:4      | Reached XP level 7. HP: 35/35 MP: 8/8
  3533 | D:4      | Found an ancient bone altar of Kikubaaqudgha.
  3592 | D:4      | Reached skill level 6 in Short Blades
  3866 | D:4      | Reached skill level 7 in Short Blades
  4189 | D:4      | Found a snail-covered altar of Cheibriados.
  4298 | D:5      | Entered Level 5 of the Dungeon
  4299 | D:5      | Found a sacrificial altar of Ru.
  4345 | D:5      | Found a large runed translucent door.
  4345 | D:5      | Found a large runed translucent door.
  4347 | D:5      | Noticed PailKail's ghost (novice TrSh)
  4441 | D:5      | Identified the +0 short sword of Agony {drain, Fly rPois
                  | Will+}
  4516 | D:5      | Found a shimmering blue altar of Sif Muna.
  4517 | D:5      | Found an ornate altar of the Wu Jian Council.
  4540 | D:5      | Reached skill level 8 in Short Blades
  4545 | D:5      | Reached XP level 8. HP: 38/39 MP: 9/9
  4585 | D:5      | Identified the +0 pair of gloves "Leomenam" {Harm rPois
                  | Str+3 SInv}
  5157 | D:3      | Killed javelincjr's ghost
  5158 | D:3      | Reached skill level 9 in Short Blades
  5281 | D:6      | Found Loxeatru's Distillery.
  5401 | D:6      | Killed from afar by a white imp

Illustrated notes

Levels and vault maps discovered:
D:1:      giann_bridges, layout_basic
D:2:      layout_rooms, serial_shops, nicolae_shop_trees,
          kennysheep_generic_room_10, uniq_terence, uniq_jessica
D:3:      layout_basic, fedhas_altar_2, ebering_ghost_disaster_area,
          serial_aquarium, aquarium_bridge_square [aquarium_subvault_window,
          aquarium_subvault_wall, aquarium_subvault_window,
          aquarium_subvault_bridge], aquarium_window_fake, aquarium_window_1,
          aquarium_window_1, aquarium_view_2e
D:4:      layout_basic, marbit_many_paths, lemuel_mausoleum_altar_kikubaaqudgha,
          minmay_temple_entry_tees, grunt_decor_arrowhead,
          minmay_misc_feat_rows, small_statue_intersection,
          minmay_manual_monstrance
D:5:      layout_loops_cross, mainiacjoe_overflow_tiny_flanked,
          grunt_temple_overflow_open, ebering_ghost_disaster_area
D:6:      layout_cave_pools, serial_shops, shop, nicolae_shop_advertising_works
          [nicolae_subvault_shop_adworks], nicolae_shop_tiny_statue_garden,
          shop, gammafunk_ghost_necromancy, minmay_door_square,
          uniq_prince_ribbit1
Temple:   nicolae_temple_two_arcs

Skill      XL: |  1  2  3  4  5  6  7  8 |
---------------+-------------------------+-----
Stealth        | 6 7 8 |  8.0
Dodging        | 2 3 4 5 7 8 |  8.0
Fighting       | 2 |  2.0
Short Blades   | 3 5 8 9 |  9.5
Throwing       | 3 |  3.0

Action                     |  1- 3 |  4- 6 |  7- 9 || total
---------------------------+-------+-------+-------++-------
  Melee: Dagger            |    84 |   199 |   169 ||   452
         Punch             |       |     2 |     1 ||     3
         Short sword       |       |       |    94 ||    94
  Throw: Dart              |    17 |     8 |    10 ||    35
    Use: Scroll            |     3 |     5 |     5 ||    13
         Potion            |       |       |     1 ||     1
   Stab: Sleeping          |     8 |    18 |    14 ||    40
         Distracted        |       |     1 |     2 ||     3
 Armour: Robe              |    23 |    46 |    53 ||   122
  Dodge: Dodged            |    56 |   134 |   119 ||   309

Table legend: (Time is in decaauts)
 A = Elapsed time spent in this place.
 B = Non-inter-level travel time spent in this place.
 C = Inter-level travel time spent in this place.
 D = Time resting spent in this place.
 E = Time spent auto-exploring this place.
 F = Levels seen in this place.
 G = Mean time per level.
                   A        B        C        D        E       F      G
               +--------+--------+--------+--------+--------+-----+--------+
         Total |   3754 |   3571 |    183 |    503 |   1919 |   7 |  536.3 |
       Dungeon |   3651 |   3474 |    177 |    416 |   1919 |   6 |  608.5 |
        Temple |    103 |     97 |      6 |     87 |      0 |   1 |  103.0 |
               +--------+--------+--------+--------+--------+-----+--------+

Top non-repeatable levels by time:
     D:4: 1231 daAuts
     D:3: 822 daAuts
     D:2: 527 daAuts
     D:1: 517 daAuts
     D:5: 452 daAuts
  Temple: 103 daAuts
     D:6: 99 daAuts
